 Dungeon Crawl Stone Soup version 0.26-b1-32-g5d43845318 (webtiles) character file.

Game seed: 17981478398434111152

76354 Dirian the Severer (level 15, -13/139 HPs)
             Began as a Minotaur Fighter on Jan 9, 2021.
             Was the Champion of Jiyva.
             Mangled by an orc knight
             ... wielding a +0 great mace
              (32 damage)
             ... on level 2 of the Orcish Mines.
             The game lasted 00:33:29 (22625 turns).

Dirian the Severer (Minotaur Fighter)              Turns: 22625, Time: 00:33:29

Health: -13/139    AC: 23    Str: 24    XL:     15   Next: 12%
Magic:  14/14      EV:  7    Int:  8    God:    Jiyva [******]
Gold:   1688       SH: 12    Dex: 10    Spells: 14/14 levels left

rFire    . . .     SeeInvis .   a - +2 war axe of the Iron City of Dis {elec, Stlth+}
rCold    . . .     Faith    +   c - +1 kite shield
rNeg     . . .     Spirit   .   K - +3 chain mail {Will+}
rPois    +         Reflect  .   k - +1 hat
rElec    +         Harm     .   u - +1 cloak
rCorr    +         Rampage  .   N - +0 pair of gloves
Will     +++..                  F - +0 pair of boots
Stlth    ..........             L - amulet of faith
HPRegen  0.33/turn              P - ring of willpower
MPRegen  0.14/turn              G - +4 ring of slaying

@: no status effects
A: retaliatory headbutt, horns 2, talons 1, poison resistance, electricity
resistance, jelly sensing items
a: Renounce Religion, Request Jelly, Slimify, Cure Bad Mutation


You were on level 2 of the Orcish Mines.
You worshipped Jiyva.
Jiyva was exalted by your worship.
You visited 3 branches of the dungeon, and saw 19 of its levels.
You also visited: Ossuary and Ice Cave.

You collected 1688 gold pieces.

Inventory:

Hand Weapons
 a - the +2 war axe of the Iron City of Dis (weapon) {elec, Stlth+}
   (You found it on level 4 of the Lair of Beasts)

   Occasionally, upon striking a foe, it can discharge electrical energy and
   cause terrible harm.
   It makes you more stealthy.
 b - a +0 halberd of flaming
 U - a +2 war axe of freezing
Armour
 c - a +1 kite shield (worn)
 k - a +1 hat (worn)
 u - a +1 cloak (worn)
 F - a +0 pair of boots (worn)
 K - a +3 chain mail of willpower (worn)
 N - a +0 pair of gloves (worn)
Jewellery
 m - an uncursed amulet of guardian spirit
 C - an uncursed ring of flight
 G - a +4 ring of slaying (right hand)
 I - an uncursed ring of protection from fire
 J - an uncursed ring of protection from cold
 L - an amulet of faith (around neck)
 P - a ring of willpower (left hand)
 V - an uncursed ring of see invisible
Wands
 e - a wand of disintegration (15)
 D - a wand of enslavement (5)
 E - a wand of acid (2)
 Q - a wand of paralysis (9)
 T - a wand of flame (35)
 W - a wand of iceblast (13)
Scrolls
 g - 2 scrolls of fear
 i - 2 scrolls of summoning
 j - 8 scrolls of fog
 l - 2 scrolls of immolation
 r - 4 scrolls of identify
 t - 12 scrolls of teleportation
 v - 2 scrolls of acquirement
 x - 9 scrolls of remove curse
 y - 3 scrolls of enchant armour
 z - 4 scrolls of blinking
 R - a scroll of silence
 S - a scroll of enchant weapon
Potions
 d - 2 potions of might
 f - 3 potions of lignification
 h - 3 potions of haste
 n - a potion of resistance
 o - 5 potions of attraction
 p - 3 potions of flight
 q - 11 potions of curing
 s - a potion of mutation
 w - a potion of heal wounds
 A - 2 potions of cancellation
 B - 2 potions of ambrosia
 O - 2 potions of magic
Miscellaneous
 X - a condenser vane


   Skills:
 + Level 14.7 Fighting
 + Level 18.6 Axes
 + Level 14.1 Armour
 + Level 8.9 Shields
 * Level 10.5 Evocations


You had 14 spell levels left.
You didn't know any spells.
Your spell library contained the following spells:

 Spells                   Type           Power        Failure   Level
 Foxfire                  Conj/Fire      0%           99%         1
 Shock                    Conj/Air       0%           99%         1
 Summon Small Mammal      Summ           0%           99%         1
 Blink                    Tloc           N/A          99%         2
 Call Imp                 Summ           0%           99%         2
 Call Canine Familiar     Summ           0%           100%        3
 Conjure Flame            Conj/Fire      0%           100%        3
 Inner Flame              Hex/Fire       0%           100%        3
 Summon Guardian Golem    Hex/Summ       0%           100%        3
 Sticky Flame             Conj/Fire      0%           100%        4
 Summon Ice Beast         Ice/Summ       0%           100%        4
 Summon Lightning Spire   Summ/Air       0%           100%        4
 Bolt of Magma            Conj/Fire/Erth 0%           100%        5
 Fireball                 Conj/Fire      0%           100%        5
 Irradiate                Conj/Tmut      0%           100%        5
 Freezing Cloud           Conj/Ice/Air   0%           100%        6
 Hydra Form               Tmut           0%           100%        6
 Statue Form              Tmut/Erth      0%           100%        6
 Dragon Form              Tmut           0%           100%        7


Dungeon Overview and Level Annotations

Branches:
Dungeon (11/15)            Temple (0/1) D:4            Lair (6/6) D:8
 Shoals (0/4) Lair:2        Snake (0/4) Lair:4        Slime (0/5) Lair:6
    Orc (2/2) D:11            Elf (0/3) Orc:2       Ossuary (visited)
  IceCv (visited)

Altars:
Cheibriados
Dithmenos
Gozag
Hepliaklqana
Kikubaaqudgha
Nemelex Xobeh
Qazlal
Vehumet
Zin
The Shining One
Beogh
Jiyva

Annotations:
D:3 1 runed translucent door, Crazy Yiuf
Lair:6 exclusion: 4 oklob plants


Innate Abilities, Weirdness & Mutations

You reflexively headbutt those who attack you in melee.
You have a pair of horns on your head.
You have sharp toenails.
Your system is resistant to poisons. (rPois)
You are resistant to electric shocks. (rElec)
You have a small jelly attached to you that senses nearby items.


Message History

You kill the orc high priest!
The red devil disappears in a puff of smoke!
The neqoxec disappears in a puff of smoke!
The white imp disappears in a puff of smoke!
The ufetubus disappears in a puff of smoke!
The smoke demon disappears in a puff of smoke!
You hit the orc knight but do no damage.
An orc wizard comes into view. It is wielding a +0 dagger.
The orc knight hits you with a +0 great mace!!!
* * * LOW HITPOINT WARNING * * *
You shudder from the blow and a jelly pops out!
The orc warrior throws a boomerang.
You block the boomerang.
The weapon returns to the orc warrior!
You barely miss the orc knight.
The orc knight is heavily wounded.
You hit the orc knight but do no damage.
The orc knight is heavily wounded.
You hit the orc knight.
The orc knight hits you with a +0 great mace!!
You die...

.. #.... #...# #..
#...# ##.. ##.##
#...####...# #####
#....#.##..# ###§..##
#......#...
##.o.J..####.........
#.o4@J...##..........
#...oo##....#.........#
#....# ##...##.......#.
#...oo #....#.........
÷.÷÷o∆∆∆
##............. ....o
#............. .... ∆
#............# .... ∆
###...........## ∆
#.#........J..##


You could see 2 orc knights, an orc high priest (strong), a chaos spawn
(summoned), 2 orc sorcerers, 2 orc warriors, an orc wizard (strong), a neutral
jelly (wandering) (fellow slime) and a friendly death ooze (summoned).

Vanquished Creatures
  A ghost moth (Lair:1)
  A frost giant (IceCv)
  6 dire elephants (Lair:6)
  A boulder beetle (D:11)
  6 hydras
  An anaconda (Lair:6)
  A two-headed ogre (D:7)
  13 death yaks
  3 orc high priests
  Sonja (D:10)
  A lindwurm (Lair:4)
  A deep elf mage (D:11)
  4 orc knights
  An orc sorcerer (Orc:2)
  A wolf spider zombie (D:11)
  16 elephants
  2 merfolk sirens (Lair:2)
  Maurice (D:11)
  5 black mambas
  Psyche (D:10)
  An ice statue (IceCv)
  20 cane toads
  A gargoyle (D:11)
  6 rime drakes
  Maggie (D:10)
  7 komodo dragons
  2 merfolk (Lair:2)
  2 hornets
  2 trolls (Orc:1)
  Grinder (D:4)
  3 blink frogs (Lair:6)
  12 polar bears
  Sigmund (D:3)
  62 yaks
  8 wyverns
  3 basilisks
  5 wargs
  Grum (D:10)
  3 nagas (Lair:4)
  Duvessa (D:4)
  21 water moccasins
  20 orc warriors
  5 ice beasts
  5 sky beasts
  5 black bears
  12 ogres
  2 centaurs
  5 phantoms
  21 wolves
  A big kobold (D:10)
  26 bullfrogs
  3 water moccasin zombies (Ossuary)
  5 scorpions
  A wyvern skeleton (D:10)
  Dowan (D:4)
  17 killer bees
  8 wights
  3 howler monkeys
  A vampire bat (D:10)
  A jelly (D:8)
  A bullfrog zombie (D:11)
  2 centaur zombies
  4 hounds
  2 gnoll shamans (D:10)
  An iguana (D:11)
  15 orc priests
  A bullfrog skeleton (D:7)
  23 orc wizards
  10 worker ants
  3 big kobold zombies (Ossuary)
  2 hound skeletons
  2 mummies (Ossuary)
  3 worker ant zombies
  10 adders
  22 gnolls
  2 shadow imps
  16 white imps
  2 ufetubi
  5 oozes
  5 adder zombies
  3 worms
  An adder skeleton (D:9)
  3 dart slugs
  3 leopard geckos
  75 orcs
  16 bats
  7 giant cockroaches
  A gnoll zombie (Ossuary)
  5 goblins
  8 hobgoblins
  15 jackals
  5 quokkas
  A ball python (D:6)
  2 frilled lizards
  10 hobgoblin zombies (Ossuary)
  A jackal zombie (D:6)
  11 kobolds
  7 kobold zombies (Ossuary)
  3 orc zombies (Ossuary)
  A quokka skeleton (D:5)
  A quokka zombie (D:9)
  5 rats
687 creatures vanquished.

Vanquished Creatures (others)
  A water moccasin (Lair:6)
  37 jellies
  An orc priest (Orc:2)
  3 orcs
  5 bushes
  86 fungi
  124 plants
257 creatures vanquished.

Grand Total: 944 creatures vanquished

Notes
Turn   | Place    | Note
-------+----------+-------------------------------------------
     0 | D:1      | Dirian the Minotaur Fighter began the quest for the Orb.
     0 | D:1      | Reached XP level 1. HP: 19/19 MP: 0/0
    69 | D:1      | Reached XP level 2. HP: 27/27 MP: 1/1
   364 | D:1      | Reached skill level 3 in Axes
   383 | D:1      | Reached XP level 3. HP: 33/33 MP: 2/2
   935 | D:2      | Reached XP level 4. HP: 22/40 MP: 3/3
  1305 | D:3      | Reached skill level 4 in Axes
  1307 | D:3      | Reached XP level 5. HP: 9/47 MP: 4/4
  1624 | D:3      | You fall into a shaft and drop 3 floors!
  1678 | D:5      | Entered Level 5 of the Dungeon
  1699 | D:5      | Reached skill level 5 in Axes
  1703 | D:5      | Noticed an ogre
  1886 | D:3      | Noticed Sigmund
  1904 | D:3      | Killed Sigmund
  1905 | D:3      | Reached skill level 5 in Armour
  1905 | D:3      | Reached XP level 6. HP: 31/55 MP: 5/5
  2105 | D:3      | Reached skill level 6 in Axes
  2345 | D:3      | Found a glowing golden altar of the Shining One.
  2521 | D:3      | Found a runed translucent door.
  2522 | D:3      | Noticed Crazy Yiuf
  2565 | D:4      | Found a staircase to the Ecumenical Temple.
  2589 | D:4      | Reached skill level 5 in Fighting
  2589 | D:4      | Reached skill level 5 in Shields
  2708 | D:4      | Noticed Grinder
  2723 | D:4      | Paralysed by Grinder for 3 turns
  2734 | D:4      | Killed Grinder
  2735 | D:4      | Reached skill level 7 in Axes
  2735 | D:4      | Reached XP level 7. HP: 34/61 MP: 4/6
  2956 | D:4      | Found a shadowy altar of Dithmenos.
  2958 | D:4      | Noticed Dowan
  2961 | D:4      | Noticed Duvessa
  2965 | D:4      | Killed Dowan
  2985 | D:4      | Killed Duvessa
  3199 | D:4      | Reached XP level 8. HP: 69/70 MP: 7/7
  3602 | D:5      | Reached skill level 8 in Axes
  4174 | D:5      | Reached skill level 9 in Axes
  4397 | D:6      | Found a sparkling altar of Nemelex Xobeh.
  4589 | D:6      | Reached skill level 10 in Axes
  4589 | D:6      | Reached XP level 9. HP: 48/78 MP: 5/8
  5008 | D:6      | Found a snail-covered altar of Cheibriados.
  5628 | D:7      | Reached skill level 11 in Axes
  5727 | D:7      | Noticed a two-headed ogre
  5733 | D:7      | Killed a two-headed ogre
  5734 | D:7      | Reached skill level 12 in Axes
  6047 | D:7      | Found a radiant altar of Vehumet.
  6076 | D:7      | Reached XP level 10. HP: 88/88 MP: 9/9
  6729 | D:7      | Identified a scroll of acquirement
  6786 | D:8      | Found a staircase to the Lair.
  6856 | D:8      | Found a sand-covered staircase.
  6861 | Ossuary  | Entered an ossuary
  7360 | D:7      | Found a stormy altar of Qazlal.
  7360 | D:7      | Found an ancient bone altar of Kikubaaqudgha.
  7360 | D:7      | Found a glowing silver altar of Zin.
  7360 | D:7      | Found a hazy altar of Hepliaklqana.
  7363 | D:7      | Found an opulent altar of Gozag.
  7704 | D:8      | Reached skill level 13 in Axes
  7758 | D:8      | Reached skill level 10 in Armour
  8921 | D:9      | Reached skill level 14 in Axes
  9359 | D:9      | Reached XP level 11. HP: 93/97 MP: 10/10
 10008 | D:10     | Entered Level 10 of the Dungeon
 10075 | D:10     | Noticed Grum
 10109 | D:10     | Killed Grum
 10111 | D:10     | Noticed Sonja
 10135 | D:10     | Killed Sonja
 10136 | D:10     | Reached skill level 10 in Fighting
 10821 | D:10     | Noticed Maggie
 10829 | D:10     | Killed Maggie
 11092 | D:10     | Noticed Psyche
 11098 | D:10     | Killed Psyche
 11099 | D:10     | Reached skill level 15 in Axes
 11261 | D:11     | Noticed Maurice
 11270 | D:11     | Killed Maurice
 11733 | D:11     | Noticed a boulder beetle
 11751 | D:11     | Killed a boulder beetle
 12078 | D:11     | Noticed a seven-headed hydra
 12221 | Lair:1   | Entered Level 1 of the Lair of Beasts
 12339 | Lair:1   | Found a frozen archway.
 12347 | Lair:1   | Reached skill level 16 in Axes
 12354 | IceCv    | Entered an ice cave
 12406 | IceCv    | Reached XP level 12. HP: 99/110 MP: 8/11
 12794 | IceCv    | Noticed a frost giant
 12794 | IceCv    | Noticed a death yak
 12794 | IceCv    | Noticed a death yak
 12814 | IceCv    | Killed a death yak
 12815 | IceCv    | Reached skill level 17 in Axes
 12824 | IceCv    | Killed a frost giant
 12830 | IceCv    | Killed a death yak
 13683 | Lair:1   | Noticed a four-headed hydra
 13691 | Lair:1   | a four-headed hydra changed into something unseen
 13701 | Lair:1   | Killed a ghost moth
 14443 | Lair:2   | Found a staircase to the Shoals.
 14468 | Lair:2   | Reached XP level 13. HP: 116/122 MP: 12/12
 14625 | Lair:2   | Reached skill level 1 in Evocations
 15597 | Lair:3   | Reached skill level 5 in Evocations
 16864 | Lair:4   | Found a staircase to the Snake Pit.
 17806 | Lair:4   | Got a bloodstained war axe
 17806 | Lair:4   | Identified the +2 war axe of the Iron City of Dis {elec,
                  | Stlth+} (You found it on level 4 of the Lair of Beasts)
 17877 | Lair:5   | Identified the Disquisition on the Traveller and
                  | Conjuration
 17962 | Lair:5   | Reached XP level 14. HP: 102/129 MP: 10/13
 18861 | Lair:5   | Got a heavily runed scale mail
 18871 | Lair:5   | Identified the cursed +1 scale mail of Peek-a-Boo {rF++
                  | Int+3 Slay-4} (You found it on level 5 of the Lair of
                  | Beasts)
 18913 | Lair:6   | Entered Level 6 of the Lair of Beasts
 19015 | Lair:6   | Found a viscous altar of Jiyva.
 19016 | Lair:6   | Found a staircase to the Slime Pits.
 19021 | Lair:6   | Reached skill level 18 in Axes
 19032 | Lair:6   | Became a worshipper of Jiyva Jubail the Shapeless
 19261 | Lair:6   | Reached * piety under Jiyva
 19506 | Lair:6   | Reached skill level 10 in Evocations
 19624 | Lair:6   | Reached ** piety under Jiyva
 20717 | Lair:6   | Reached *** piety under Jiyva
 21301 | D:11     | Found a staircase to the Orcish Mines.
 21741 | D:11     | Gained mutation: You have a small jelly attached to you
                  | that senses nearby items. [Jiyva's grace]
 21752 | D:11     | Reached **** piety under Jiyva
 21802 | Orc:1    | Entered Level 1 of the Orcish Mines
 21878 | Orc:1    | Reached XP level 15. HP: 70/139 MP: 14/14
 22003 | Orc:1    | Gained mutation: You expend magic power (3 MP) to
                  | strengthen your wands. [Jiyva's grace]
 22056 | Orc:1    | Reached ***** piety under Jiyva
 22069 | Orc:1    | Lost mutation: You expend magic power (3 MP) to strengthen
                  | your wands. [Jiyva's grace]
 22079 | Orc:1    | Gained mutation: Scrolls take you a little longer to read.
                  | [Jiyva's grace]
 22080 | Orc:1    | Reached ****** piety under Jiyva
 22081 | Orc:1    | Gained mutation: You have a small jelly attached to you
                  | that may absorb incoming projectiles. [Jiyva's grace]
 22086 | Orc:1    | Gained mutation: You are covered in slimy tendrils that may
                  | disarm your opponents. [Jiyva's grace]
 22130 | Orc:1    | Found a roughly hewn altar of Beogh.
 22249 | Orc:2    | Entered Level 2 of the Orcish Mines
 22352 | Orc:2    | Found a staircase to the Elven Halls.
 22429 | Orc:2    | Gained mutation: You have sharp toenails. [Jiyva's grace]
 22437 | Orc:2    | Gained mutation: You are resistant to electric shocks.
                  | (rElec) [Jiyva's grace]
 22527 | Orc:2    | Lost mutation: Scrolls take you a little longer to read.
                  | [Jiyva's grace]
 22527 | Orc:2    | Gained mutation: You have supernaturally acute eyesight.
                  | (SInv) [Jiyva's grace]
 22538 | Orc:2    | Lost mutation: You have a small jelly attached to you that
                  | may absorb incoming projectiles. [Jiyva's grace]
 22544 | Orc:2    | Gained mutation: Your system is resistant to poisons.
                  | (rPois) [Jiyva's grace]
 22547 | Orc:2    | Lost mutation: You are covered in slimy tendrils that may
                  | disarm your opponents. [Jiyva's grace]
 22550 | Orc:2    | Lost mutation: You have supernaturally acute eyesight.
                  | (SInv) [Jiyva's grace]
 22625 | Orc:2    | Mangled by an orc knight

Illustrated notes

Levels and vault maps discovered:
D:1:      scummos_arrival_simple_crosswalls, layout_rooms, serial_bayou,
          serial_bayou_pond_e, serial_bayou_pond_a, serial_bayou_pond_d,
          serial_bayou_pond_c, grunt_decor_cap, minmay_heptomino_o4
D:2:      layout_rooms, kennysheep_doodads
D:3:      minmay_evil_eye, layout_basic, nicolae_tso_carved_into_rock,
          uniq_crazy_yiuf_cottage, uniq_sigmund
D:4:      layout_loops_ring, nicolae_dithmenos_shadow_blocks,
          minmay_temple_entry_mini_moons, uniq_duvessa, uniq_grinder
D:5:      layout_gridville, dk_vineyard_3
D:6:      layout_loops_ring, lemuel_coloured_pillars_altar,
          nemelex_xobeh_ov_fountains_minmay, kennysheep_generic_room_12
D:7:      minmay_bubble_buster, layout_cave_pods,
          nicolae_overflow_hidden_temple, overflow_temple_1_default
D:8:      layout_basic, minmay_lair_entry_grove, enter_ossuary_2
D:9:      layout_gridville, chequers_serial_rivers_micro_a, corner_web_ring
D:10:     layout_loops_ring, roderic_batcave, uniq_sonja, uniq_grum,
          uniq_psyche, uniq_maggie
D:11:     layout_basic, minmay_orc_entry_guard_dogs, minmay_librarian,
          uniq_maurice
Lair:1:   layout_cave_shapes, portal_ice_cave_entry_imps, st_stairs_3
Lair:2:   layout_chaotic_city, elwin_shoals_entry_stream
Lair:3:   layout_regular_city, lemuel_fruit_fields, infiniplex_staircase_pool
Lair:4:   cheibrodos_lair_overgrown_chateau, layout_misc_corridors,
          guppyfry_snake_entry_garden
Lair:5:   layout_misc_corridors, beast_lair_carwin_2, serial_bayou_shore_b
Lair:6:   due_jungle_book, layout_loops_ring, slime_altar_1,
          minmay_lair_oklob_chamber
Orc:1:    layout_caves, kennysheep_orc_chapel, uniq_josephine
Orc:2:    grunt_orc_tribal_feast, layout_diamond_mine

Skill      XL: |  1  2  3  4  5  6  7  8  9 10 11 12 13 14 |
---------------+-------------------------------------------+-----
Fighting       | 4 5 6 8 9 11 13 14 | 14.7
Armour         | 4 5 6 7 9 10 11 12 14 | 14.1
Shields        | 4 5 6 8 |  8.9
Axes           | 3 4 5 7 10 12 14 16 17 18 | 18.6
Evocations     | 9 10 | 10.5

Action                   |  1- 3 |  4- 6 |  7- 9 | 10-12 | 13-15 || total
-------------------------+-------+-------+-------+-------+-------++-------
Melee: War axe           |    98 |   118 |   297 |   721 |   647 ||  1881
       Headbutt          |    14 |    19 |    49 |   159 |   182 ||   423
       Halberd           |       |       |       |       |     5 ||     5
Evoke: Wand              |       |       |       |     8 |    13 ||    21
  Use: Potion            |       |     1 |       |     3 |     1 ||     5
       Scroll            |       |    12 |     6 |    10 |     7 ||    35
Armor: Scale mail        |    55 |    40 |       |       |       ||    95
       Chain mail        |       |    22 |   135 |   222 |   257 ||   636
       Plate armour      |       |       |       |   151 |       ||   151
Dodge: Dodged            |    35 |    29 |    55 |   129 |   143 ||   391
Block: Kite shield       |    57 |    49 |   156 |   351 |   285 ||   898
